 Dungeon Crawl Stone Soup version 0.28.0-53-g5a82cb258f (webtiles) character file.

Game seed: 11492058062783659818

74 Ijustatesigmund the Firebug (level 4, -7/34 HPs)
             Began as a Hill Orc Fire Elementalist on July 14, 2022.
             Mangled by a gnoll
             ... wielding a +0 whip
              (9 damage)
             ... on level 3 of the Dungeon.
             The game lasted 00:04:51 (2531 turns).

Ijustatesigmund the Firebug (HOFE)                  Turns: 2531, Time: 00:04:52

Health: -7/34      AC:  3    Str: 10    XL:     4   Next: 30%
Magic:  1/7        EV: 12    Int: 17    God:
Gold:   79         SH:  0    Dex: 11    Spells: 4/7 levels left

rFire   . . .      SeeInvis .   b - +0 war axe
rCold   . . .      Faith    .   (no shield)
rNeg    . . .      Spirit   .   a - +0 robe
rPois   .          Reflect  .   (no helmet)
rElec   .          Harm     .   (no cloak)
rCorr   .          Rampage  .   h - +0 pair of gloves
Will    .....                   (no boots)
Stlth   ++........              (no amulet)
HPRegen 0.11/turn               (no ring)
MPRegen 0.10/turn               (no ring)

@: mighty, very slightly contaminated
A: no striking features
a: no special abilities


You were on level 3 of the Dungeon.
You visited 1 branch of the dungeon, and saw 3 of its levels.

You collected 79 gold pieces.

Inventory:

Hand Weapons
 b - a +0 war axe (weapon)
Armour
 a - a +0 robe (worn)
 h - a +0 pair of gloves (worn)
Scrolls
 d - a scroll of amnesia
Potions
 c - a potion of curing {unknown}
 f - a potion of mutation {unknown}


   Skills:
 + Level 0.6 Fighting
 + Level 0.7 Axes
 - Level 1.5 Dodging
 - Level 1.5 Stealth
 - Level 2.2 Spellcasting
 + Level 2.2 Conjurations
 + Level 4.1 Fire Magic


You had 4 spell levels left.
You knew the following spells:

 Your Spells              Type           Power      Damage    Failure   Level
a - Foxfire               Conj/Fire      48%        2x1d6     4%          1
b - Scorch                Fire           30%        2d6       5%          2

Your spell library contained the following spells:

 Spells                   Type           Power      Damage    Failure   Level
 Conjure Flame            Conj/Fire      12%        6-21      16%         3
 Inner Flame              Hex/Fire       8%         N/A       24%         3
 Flame Wave               Conj/Fire      12%        2d6       45%         4


Dungeon Overview and Level Annotations

Branches:
Dungeon (3/15)

Altars:
Beogh

Shops:
D:3 [

Annotations:
D:2 Sigmund


Message History

The foxfire hits the gnoll.
The gnoll is heavily wounded.
Casting: Foxfire (safe; 4% risk of failure)
Confirm with . or Enter, or press ? or * to list all spells.
You conjure some foxfire!
The foxfire hits the gnoll but does no damage.
The gnoll is heavily wounded.
The foxfire hits the gnoll but does no damage.
The gnoll is heavily wounded.
The foxfire hits the gnoll but does no damage.
The gnoll is heavily wounded.
The gnoll hits you from afar with a +0 spear.
Casting: Foxfire (safe; 4% risk of failure)
Confirm with . or Enter, or press ? or * to list all spells.
Flames lash the gnoll.
The gnoll is almost dead.
The gnoll's fire resistance burns away.
The gnoll hits you from afar with a +0 spear.
The gnoll barely misses you.
Casting: Scorch (safe; 5% risk of failure)
Confirm with . or Enter, or press ? or * to list all spells.
You miscast Scorch.
You are very lightly contaminated with residual magic.
Nothing appears to happen.
The gnoll closely misses you.
The gnoll hits you from afar with a +0 spear!
You hit the gnoll but do no damage. The gnoll hits you with a +0 whip!
The gnoll hits you from afar with a +0 spear.
The gnoll misses you.
You barely miss the gnoll.
The gnoll is no longer more vulnerable to fire.
The gnoll hits you from afar with a +0 spear.
* * * LOW HITPOINT WARNING * * *
The gnoll barely misses you.
It was a potion of might.
You feel very mighty all of a sudden. The gnoll hits you with a +0 whip!
* * * LOW HITPOINT WARNING * * *
The gnoll barely misses you.
You barely miss the gnoll. The gnoll hits you with a +0 whip!
You die...

#.............######..........#
#.............................#
#..............#########.######
#.............########...#
#.................<.#.)###
#.......)...........#.## #
#...................#.# #######
######..........g.......###......
.).....(........@.g.........#####
....###.........#.#.##.###### ##
....# ##.......##...##.#### ###.
....#####......#...###.##.. ....
......######...#...# #.##.# ##..
....#..######......#...##.# #...
######.......#...#.#.####.# #...
####...#.#..#...# #.# #...
##.#...#...# ##.# #...


You could see 2 gnolls.

Vanquished Creatures
  An adder (D:2)
  A gnoll (D:3)
  A worm (D:3)
  2 dart slugs
  An orc (D:2)
  6 bats
  5 endoplasms
  2 giant cockroaches (D:1)
  7 goblins
  4 hobgoblins
  4 kobolds
  2 quokkas
  2 ball pythons
  3 frilled lizards
  3 rats
44 creatures vanquished.

Vanquished Creatures (others)
  69 foxfires
  A plant (D:2)
70 creatures vanquished.

Grand Total: 114 creatures vanquished

Notes
Turn   | Place    | Note
-------+----------+-------------------------------------------
     0 | D:1      | Ijustatesigmund the Hill Orc Fire Elementalist began the
                  | quest for the Orb.
     0 | D:1      | Reached XP level 1. HP: 14/14 MP: 3/3
   143 | D:1      | Reached XP level 2. HP: 5/20 MP: 1/4
   390 | D:1      | Learned a level 2 spell: Scorch
   814 | D:1      | Found a roughly hewn altar of Beogh.
   878 | D:1      | Found a faded altar of an unknown god.
  1341 | D:1      | Reached XP level 3. HP: 26/26 MP: 2/6
  1660 | D:2      | Noticed Sigmund
  1864 | D:2      | Reached skill level 4 in Fire Magic
  2047 | D:3      | Reached XP level 4. HP: 33/33 MP: 1/7
  2420 | D:3      | Found Urradot's Armour Shop.
  2531 | D:3      | Mangled by a gnoll

Illustrated notes

Levels and vault maps discovered:
D:1:      lightli_arrival_maybe_door_vault, layout_loops_ring,
          hellmonk_ecumenical_altar_defaced_shrine
D:2:      cheibrodos_old_hovel, layout_basic, kennysheep_another_room,
          moated_statue, grunt_ministairs_14, uniq_natasha, uniq_sigmund
D:3:      layout_rooms, serial_shops, nicolae_diamond_shop

Skill      XL: |  1  2  3 |
---------------+----------+-----
Spellcasting   | 2 |  2.2
Conjurations   | 2 |  2.2
Fire Magic     | 4 |  4.1
Fighting       | |  0.6
Axes           | |  0.7
Dodging        | |  1.5
Stealth        | |  1.5

Action                   |  1- 3 |  4- 6 || total
-------------------------+-------+-------++-------
Melee: Mace              |    15 |       ||    15
       Hand axe          |     5 |    11 ||    16
       War axe           |       |     3 ||     3
 Cast: Foxfire           |    29 |    11 ||    40
       Scorch            |    10 |     2 ||    12
  Use: Scroll            |       |     3 ||     3
       Potion            |       |     1 ||     1
Armor: Robe              |     5 |     7 ||    12
Dodge: Dodged            |    16 |    16 ||    32
